 Dungeon Crawl Stone Soup version 0.27.1-2-g3b301248ec (webtiles) character file.

Game seed: 10491211910876086754

10 MajorAdolf the Covered (level 2, -4/26 HPs)
             Began as a Naga Wanderer on Sept 25, 2021.
             Slain by Terence (7 damage)
             ... on level 2 of the Dungeon.
             The game lasted 00:01:25 (772 turns).

MajorAdolf the Covered (Naga Wanderer)               Turns: 772, Time: 00:01:26

Health: -4/26      AC:  5    Str: 15    XL:     2   Next: 20%
Magic:  2/2        EV:  4    Int: 16    God:
Gold:   27         SH:  0    Dex: 11    Spells: 1/1 levels left

rFire    . . .     SeeInvis +   a - +0 club
rCold    . . .     Faith    .   (no shield)
rNeg     . . .     Spirit   .   f - +0 chain mail
rPois    +         Reflect  .   (no helmet)
rElec    .         Harm     .   (no cloak)
rCorr    .         Rampage  .   (no gloves)
Will     .....                  (no barding)
Stlth    ..........             (no amulet)
HPRegen  0.08/turn              i - +6 ring of intelligence
MPRegen  0.08/turn              (no ring)

@: very slow
A: AC +0, large, see invisible, deformed body, poison resistance, slowness 2,
spit poison 1, naga tail 1
a: Spit Poison


You were on level 2 of the Dungeon.
You visited 1 branch of the dungeon, and saw 2 of its levels.

You collected 27 gold pieces.

Inventory:

Hand Weapons
 a - a +0 club (weapon)
Armour
 d - a +0 robe
 f - a +0 chain mail (worn)
Jewellery
 i - a +6 ring of intelligence (left hand)
Scrolls
 e - a scroll of fear
 h - 2 scrolls of identify {unknown}
Potions
 b - a potion of haste
 c - 4 potions of lignification
 g - a potion of degeneration {unknown}
 j - 2 potions of curing {unknown}


   Skills:
 + Level 1.6 Fighting
 - Level 3.2 Armour
 - Level 1.0 Dodging
 + Level 2.7 Stealth
 - Level 2.0 Unarmed Combat
 - Level 1.0 Evocations


You had one spell level left.
You didn't know any spells.
Your spell library was empty.

Dungeon Overview and Level Annotations

Branches:
Dungeon (1/15)

Altars:

Annotations:
D:2 Terence


Innate Abilities, Weirdness & Mutations

Your serpentine skin is tough. (AC +0)
You have supernaturally acute eyesight. (SInv)
Armour fits poorly on your strangely shaped body.
Your system is resistant to poisons. (rPois)
You cover ground very slowly.
You can spit poison.
You have a snake-like lower body.


Message History

The bat barely misses you.
A bat is nearby!
You hit the bat.
You kill the bat!
You see here 14 poisoned darts.
There is a stone staircase leading down here.
Key pressed, stopping explore.
No target in view!
No target in view!
Found a stone staircase leading down.
No target in view!
There is a stone staircase leading down here.
Found a stone staircase leading up.
No target in view!
Terence the Incautious comes into view.
He is wielding a +0 trident.
Terence shouts!
Terence hits you with a +0 trident.
Terence is nearby!
You barely miss Terence. Terence barely misses you.
Terence is nearby!
You hit Terence.
Terence is moderately wounded.
Terence says, "You're history."
Terence barely misses you. Terence says, "Did you write a will?
You should..."
Terence hits you with a +0 trident.
Unknown command.
Press: ? - help, Shift-Dir - straight line, f - Terence
Aim: Terence, wielding a +0 trident and wearing a +0 scale mail (moderately wounded)
The splash of poison misses Terence.
Terence screams, "I want your blood!"
Terence drinks a potion.
Terence seems to speed up.
Terence hits you from afar with a +0 trident!
Terence barely misses you.
Terence hits you from afar with a +0 trident.
Terence hits you from afar with a +0 trident!
* * * LOW HITPOINT WARNING * * *
You have got your breath back.
Terence hits you from afar with a +0 trident!
You die...

###########
#.# # #.# #.#
#.# ##### #>#
....# ## #.#
###.# #.##.#
##.## #<#.#
##...######.#
#.@##
...........#
#...####
##...######.#
#...@..#
##.##
#....##.# #.#
#.######.#
###.# #. #.#
....# # #.#
##### #.# #.#


You could see Terence (fast).

Vanquished Creatures
  A bat skeleton (D:2)
  A bat zombie (D:2)
  An endoplasm (D:2)
  A giant cockroach (D:2)
  A hobgoblin (D:2)
  A bat (D:2)
  A goblin (D:2)
  A jackal zombie (D:2)
  A quokka skeleton (D:2)
  A rat (D:2)
10 creatures vanquished.

Vanquished Creatures (others)
  A withered plant (D:2)
1 creature vanquished.

Grand Total: 11 creatures vanquished

Notes
Turn   | Place    | Note
-------+----------+-------------------------------------------
     0 | D:1      | MajorAdolf the Naga Wanderer began the quest for the Orb.
     0 | D:1      | MajorAdolf set off with the following items: a +0 club, a
                  | potion of haste, 2 potions of lignification, a +0 robe, a
                  | scroll of fear
     0 | D:1      | Reached XP level 1. HP: 18/18 MP: 1/1
   132 | D:1      | You fall into a shaft and drop 1 floor!
   464 | D:2      | Reached XP level 2. HP: 21/25 MP: 2/2
   764 | D:2      | Noticed Terence
   772 | D:2      | Slain by Terence

Illustrated notes

Levels and vault maps discovered:
D:1:      lightli_arrival_chessboard, layout_rooms
D:2:      layout_loops_ring, serial_undead, serial_undead_e, serial_undead_c,
          serial_undead_c, serial_undead_e, uniq_terence

Skill      XL: |  1 |
---------------+----+-----
Stealth        | 2 |  2.7
Fighting       | |  1.6
Armour         | |  3.2
Dodging        | |  1.0
Unarmed Combat | |  2.0
Evocations     | |  1.0

Action                   || total
-------------------------++-------
Melee: Club              ||    36
       Punch             ||     1
 Abil: Spit Poison       ||     3
Armor: Chain mail        ||    41
Dodge: Dodged            ||    18
